 Dungeon Crawl Stone Soup version 0.21-a0-286-g6fcecc0 (console) character file.

3475 Gottschkopf the Transmogrifier (level 9, -8/71 HPs)
             Began as a Black Draconian Transmuter on Sept 27, 2017.
             Was a Follower of Sif Muna.
             Mangled by a warg (16 damage)
             ... on level 8 of the Dungeon on Sept 28, 2017.
             The game lasted 00:31:50 (9434 turns).

Gottschkopf the Transmogrifier (DrTm)               Turns: 9434, Time: 00:31:51

Health: -8/71      AC: -1    Str: 15    XL:     9   Next: 79%
Magic:  12/14      EV: 13    Int: 18    God:    Sif Muna [*.....]
Gold:   448        SH:  0    Dex:  9    Spells: 1/14 levels left

rFire    . . .     SeeInvis .     - Unarmed
rCold    . . .     Gourm    .   (shield currently unavailable)
rNeg     . . .     Faith    .   (armour unavailable)
rPois    +         Spirit   .   (helmet restricted)
rElec    +         Reflect  .   (no cloak)
rCorr    .         Harm     .   (gloves currently unavailable)
MR       .....                  (no boots)
Stlth    +.........             k - amulet of magic regeneration
HPRegen  0.21/turn              C - +3 ring of strength
MPRegen  0.39/turn              D - ring of poison resistance

@: blade hands (expiring), corroded
A: breathe lightning, unfitting armour, antennae 1, clumsy 1, frail 1, sense
surroundings 1, electricity resistance, cold-blooded, subdued magic 1, AC +7
a: Breathe Lightning, End Transformation, Divine Energy, Renounce Religion


You were on level 8 of the Dungeon.
You worshipped Sif Muna.
Sif Muna was aware of your devotion.
You were not hungry.
You had blades for hands.
You visited 1 branch of the dungeon, and saw 8 of its levels.
You also visited: Sewer.

You collected 448 gold pieces.

Inventory:

Missiles
 a - 110 arrows
Armour
 f - a +0 pair of gloves (melded)
Jewellery
 k - an amulet of magic regeneration (around neck)
 A - an uncursed ring of protection from cold
 C - a +3 ring of strength (left scythe-like blade)
 D - a ring of poison resistance (right scythe-like blade)
 M - an uncursed amulet of harm
Wands
 x - a wand of confusion (21/48)
 y - a wand of polymorph (4/24)
 F - a wand of acid (9/15)
 H - a wand of flame (14/48)
 J - a wand of lightning (5/15)
 O - a wand of disintegration (10/24)
Scrolls
 e - 3 scrolls of remove curse
 g - 4 scrolls of magic mapping
 h - 2 scrolls of identify
 o - 3 scrolls of teleportation
 p - 2 scrolls of fear
 v - 2 scrolls of fog {unknown}
 I - a scroll of vulnerability {unknown}
 N - a scroll of enchant weapon
Potions
 d - 2 potions of flight
 l - 2 potions of cancellation
 m - a potion of might
 n - 3 potions of curing
 q - a potion of magic
 r - 3 potions of heal wounds
 s - a potion of brilliance
 z - 2 potions of invisibility
 B - 2 potions of agility
Books
 b - a book of Changes

   Spells                             Type                      Level
   a - Beastly Appendage              Transmutation                1
   b - Sticks to Snakes               Transmutation                2
   c - Spider Form                    Transmutation/Poison         3
   d - Ice Form                       Ice/Transmutation            4
   e - Blade Hands                    Transmutation                5
 i - Sif Muna's Compendium of the Voyage
   (You found it on level 5 of the Dungeon)

   Spells                             Type                      Level
   a - Apportation                    Translocation                1
 u - a book of Cantrips

   Spells                             Type                      Level
   a - Confusing Touch                Hexes                        1
   b - Animate Skeleton               Necromancy                   1
   c - Summon Small Mammal            Summoning                    1
   d - Apportation                    Translocation                1
 w - a book of Conjurations

   Spells                             Type                      Level
   a - Magic Dart                     Conjuration                  1
   b - Searing Ray                    Conjuration                  2
   c - Dazzling Spray                 Conjuration/Hexes            3
   d - Fulminant Prism                Conjuration/Hexes            4
   e - Force Lance                    Conjuration/Translocation    4
   f - Iskenderun's Mystic Blast      Conjuration                  4
 E - a book of Minor Magic

   Spells                             Type                      Level
   a - Magic Dart                     Conjuration                  1
   b - Blink                          Translocation                2
   c - Call Imp                       Summoning                    2
   d - Slow                           Hexes                        2
   e - Conjure Flame                  Conjuration/Fire             3
   f - Mephitic Cloud                 Conjuration/Poison/Air       3
 K - a book of Clouds

   Spells                             Type                      Level
   a - Poisonous Vapours              Poison/Air                   2
   b - Mephitic Cloud                 Conjuration/Poison/Air       3
   c - Conjure Flame                  Conjuration/Fire             3
   d - Freezing Cloud                 Conjuration/Ice/Air          6
   e - Ring of Flames                 Charms/Fire                  7
Comestibles
 c - 5 bread rations
 j - a meat ration
 t - 5 fruits
 G - 2 royal jellies
 L - 3 chunks of flesh


   Skills:
 * Level 7.3 Fighting
 + Level 4.5 Dodging
 - Level 7.3 Unarmed Combat
 - Level 3.4 Spellcasting
 - Level 1.1 Translocations
 - Level 8.5 Transmutations
 - Level 2.0 Poison Magic


You had one spell level left.
You knew the following spells:

 Your Spells              Type           Power        Failure   Level  Hunger
a - Beastly Appendage     Tmut           ####..       10%         1    None
b - Sticks to Snakes      Tmut           ####....     11%         2    ##.....
c - Spider Form           Tmut/Pois      ###.......   30%         3    ###....
d - Blade Hands           Tmut           ####......   47%         5    ######.
e - Blink                 Tloc           N/A          52%         2    ##.....


Dungeon Overview and Level Annotations

Branches:
Dungeon (8/15)             Temple (0/1) D:7
   Lair: D:8-11

Altars:
Ashenzari
Gozag
Ru
Sif Muna
Wu Jian
Zin


Innate Abilities, Weirdness & Mutations

You can breathe wild blasts of lightning.
Your glossy black scales are hard. (AC +7)
You cannot fit into any form of body armour.
You are resistant to electric shocks. (rElec)
You are cold-blooded and may be slowed by cold attacks.
You have a pair of small antennae on your head.
You are clumsy. (Dex -2)
You are frail. (-10% HP)
You passively map a small area around you.
Your spells are a little easier to cast, but a little less powerful.


Message History

The warg is heavily wounded.
The orc wizard mumbles some strange words.
The orc wizard blinks!
The warg bites you. The worker ant closely misses you.
You barely miss the warg.
The warg is heavily wounded.
The warg bites you. The worker ant barely misses you.
The warg barely misses you.
You barely miss the worker ant. The worker ant bites you.
The warg stops to sniff the ground.
The warg bites you!
* * * LOW HITPOINT WARNING * * *
You slice the worker ant!!
You kill the worker ant!
Sif Muna accepts your kill. The warg closely misses you.
The orc wizard looks satisfied for a moment.
You hit the warg but do no damage.
The warg is heavily wounded.
The warg bites you!
You die...

** #..#.#.#..#
####..#.#.#..##### ,
,, .........)........
, ,,....#......######
* , *
#.########.###.#....#
#.........(....#....#
#.......#.######....#
* , , #######.#.#
#.....# . #@#.#
........, , ... #h#..
####+## ..o.#####o#..
* o..oh...oo#..# * *
..##.....#... + +
#.....#... *
#..........
###.....#.#.. ,
#.....#.# , , ,


You could see a warg, 2 orc wizards and an orc.

Vanquished Creatures
  Pikel (D:6)
  The ghost of MirrMurr the Spear-Bearer, a novice GnBe of Trog (D:5)
  A hornet (D:7)
  2 hippogriffs
  A wyvern (D:7)
  A warg (D:8)
  2 orc warriors
  A phantom (D:7)
  3 slaves (D:6)
  An ice beast (D:7)
  A sky beast (D:7)
  A necrophage (D:7)
  A centaur (D:8)
  A gnoll sergeant (D:6)
  2 bullfrogs (D:7)
  2 scorpions
  4 electric eels (D:6)
  A crimson imp (D:7)
  A bullfrog zombie (D:7)
  3 hounds
  A centaur skeleton (D:4)
  2 jellies
  6 orc wizards
  An iguana (D:7)
  Ijyb (D:5)
  4 worker ants
  9 gnolls
  2 river rats (Sewer)
  6 adders
  A shadow imp (D:6)
  An adder skeleton (D:7)
  5 worms
  2 dart slugs
  3 leopard geckos
  20 orcs
  7 bats
  4 giant cockroaches
  9 goblins
  7 hobgoblins
  7 jackals
  3 quokkas
  7 ball pythons
  9 frilled lizards
  7 kobolds
  12 rats
167 creatures vanquished.

Vanquished Creatures (collateral kills)
  Menkaure (D:5)
1 creature vanquished.

Vanquished Creatures (others)
  A scorpion (D:6)
1 creature vanquished.

Grand Total: 169 creatures vanquished

Notes
Turn   | Place    | Note
-------+----------+-------------------------------------------
     0 | D:1      | Gottschkopf the Draconian Transmuter began the quest for the Orb.
     0 | D:1      | Reached XP level 1. HP: 16/16 MP: 3/3
   379 | D:1      | Reached XP level 2. HP: 23/23 MP: 5/5
   383 | D:1      | Learned a level 2 spell: Sticks to Snakes
  1242 | D:2      | Reached XP level 3. HP: 17/28 MP: 6/6
  1249 | D:2      | Learned a level 3 spell: Spider Form
  1662 | D:2      | Reached skill level 1 in Poison Magic
  2380 | D:2      | Reached XP level 4. HP: 27/35 MP: 5/7
  2642 | D:3      | Reached skill level 3 in Transmutations
  2738 | D:3      | Found a glowing drain.
  2751 | Sewer    | Entered a sewer
  3372 | Sewer    | Reached XP level 5. HP: 40/40 MP: 8/8
  3937 | D:3      | Reached skill level 4 in Transmutations
  4343 | D:4      | Reached skill level 5 in Unarmed Combat
  4368 | D:4      | Reached XP level 6. HP: 19/47 MP: 9/9
  4985 | D:4      | Found a shattered altar of Ashenzari.
  4992 | D:4      | Found a glowing silver altar of Zin.
  5196 | D:5      | Entered Level 5 of the Dungeon
  5196 | D:5      | Noticed Menkaure
  5206 | D:5      | Killed Menkaure
  5393 | D:5      | Found an opulent altar of Gozag.
  5433 | D:5      | Noticed MirrMurr's ghost (novice GnBe)
  5462 | D:5      | Killed MirrMurr's ghost
  5462 | D:5      | Your scales start taking on a glossy black colour.
  5462 | D:5      | Reached XP level 7. HP: 27/52 MP: 10/10
  5462 | D:5      | Gained mutation: You are resistant to electric shocks. (rElec) [Black Draconian growth]
  5486 | D:5      | Found an ornate altar of the Wu Jian Council.
  5486 | D:5      | Noticed Ijyb
  5514 | D:5      | Killed Ijyb
  5925 | D:5      | Found a deep blue altar of Sif Muna.
  5929 | D:5      | Became a worshipper of Sif Muna the Loreminder
  6155 | D:5      | Learned a level 5 spell: Blade Hands
  6445 | D:6      | Noticed Pikel
  6454 | D:6      | Killed Pikel
  6454 | D:6      | Reached skill level 6 in Transmutations
  6454 | D:6      | Reached XP level 8. HP: 49/59 MP: 12/12
  6824 | D:5      | Identified Sif Muna's Compendium of the Voyage
  6847 | D:6      | Learned a level 2 spell: Blink
  6848 | D:6      | Noticed a hippogriff
  6858 | D:6      | Reached * piety under Sif Muna
  6990 | D:6      | Killed a hippogriff
  6990 | D:6      | Reached skill level 7 in Transmutations
  7556 | D:6      | Reached skill level 8 in Transmutations
  7953 | D:6      | Found a sacrificial altar of Ru.
  8054 | D:6      | Reached skill level 1 in Translocations
  8430 | D:7      | Reached XP level 9. HP: 52/68 MP: 9/14
  8433 | D:7      | Gained mutation: You are clumsy. (Dex -2) [mutagenic meat]
  8434 | D:7      | Gained mutation: Your spells are a little easier to cast, but a little less powerful. [mutagenic meat]
  8435 | D:7      | Gained mutation: You are frail. (-10% HP) [mutagenic meat]
  8436 | D:7      | Gained mutation: You have a pair of small antennae on your head. [mutagenic meat]
  8437 | D:7      | Gained mutation: You passively map a small area around you. [mutagenic meat]
  8745 | D:7      | Reached skill level 5 in Fighting
  8751 | D:7      | Reached ** piety under Sif Muna
  8773 | D:7      | Found a staircase to the Ecumenical Temple.
  9434 | D:8      | Mangled by a warg

Vault maps used:
D:1:      minmay_arrival_widening_spiral_narrow
D:3:      cheibrodos_sewer_entry_sluice, serial_bayou_lagoon_a,
          grunt_ministairs_2, minmay_surrounded
D:4:      minitemple, first_bread, minmay_splitting_lines
D:5:      led_sif_book, nicolae_overflow_crystal_walls,
          lemuel_coloured_pillars_altar, uniq_ijyb, uniq_menkaure
D:6:      kennysheep_big_flooded_room, nicolae_ru_the_path_less_chosen,
          uniq_pikel
D:7:      minmay_temple_entry_mist
D:8:      erik_lair_orcish_takeover, hangedman_ranch, minmay_door_square
Sewer:    sewer_co_cracked_pipes

Skill      XL: |  1  2  3  4  5  6  7  8  9 |
---------------+----------------------------+-----
Unarmed Combat | 4 5 7 |  7.3
Poison Magic   | 2 |  2.0
Transmutations | 3 4 6 8 |  8.5
Spellcasting   | 3 |  3.4
Translocations | 1 |  1.1
Dodging        | 2 4 |  4.5
Fighting       | 2 7 |  7.3

Action                   |  1- 3 |  4- 6 |  7- 9 || total
-------------------------+-------+-------+-------++-------
Melee: Unarmed           |   148 |   236 |   252 ||   636
       Kick              |     7 |    19 |     7 ||    33
       Tailslap          |    10 |    26 |    22 ||    58
       Headbutt          |     8 |    12 |     3 ||    23
       Punch             |     1 |     5 |     7 ||    13
 Cast: Beastly Appendage |    21 |    31 |    14 ||    66
       Spider Form       |       |     1 |     5 ||     6
       Sticks to Snakes  |       |     6 |       ||     6
       Blade Hands       |       |       |    16 ||    16
 Abil: Breathe Lightning |       |       |     2 ||     2
       End Transformatio |       |       |     1 ||     1
  Use: Scroll            |       |    12 |     4 ||    16
       Potion            |       |     2 |       ||     2
 Stab: Sleeping          |       |     3 |       ||     3
       Distracted        |       |     2 |       ||     2
  Eat: Chunk             |     5 |     9 |    22 ||    36
       Meat ration       |       |     1 |       ||     1
Armor: Skin              |    63 |    56 |    47 ||   166
Dodge: Dodged            |   143 |   128 |   146 ||   417

Table legend:
 A = Spawn XP
 B = Non-spawn XP
 C = Spawn XP percentage of total XP
 D = Spawn monster count
 E = Non-spawn monster count
 F = Spawn count percentage of total count
 G = Total turns spent on level
                    A         B        C        D         E        F      G
               +---------+---------+-------+---------+---------+-------+---------
         Total |       0 |    4965 |   0.0 |       0 |     165 |   0.0 |  9434
               +---------+---------+-------+---------+---------+-------+---------
           D:1 |       0 |      29 |   0.0 |       0 |      17 |   0.0 |  1473
           D:2 |       0 |      74 |   0.0 |       0 |      28 |   0.0 |  1097
           D:3 |       0 |     137 |   0.0 |       0 |      26 |   0.0 |   950
           D:4 |       0 |     147 |   0.0 |       0 |      10 |   0.0 |   864
           D:5 |       0 |     680 |   0.0 |       0 |       9 |   0.0 |  1373
           D:6 |       0 |    1447 |   0.0 |       0 |      19 |   0.0 |  1758
           D:7 |       0 |    1777 |   0.0 |       0 |      32 |   0.0 |   812
           D:8 |       0 |     630 |   0.0 |       0 |       6 |   0.0 |   295
         Sewer |       0 |      44 |   0.0 |       0 |      18 |   0.0 |   812
               +---------+---------+-------+---------+---------+-------+---------
